 Dungeon Crawl Stone Soup version 0.30.0-29-ga12c61a403 (webtiles) character file.

Game seed: 4097261000638790771

21 ChadusMaximus the Shooter (level 3, 28/28 HPs)
             Began as a Formicid Hunter on June 18, 2023.
             Got out of the dungeon alive.
             The game lasted 00:00:59 (358 turns).

ChadusMaximus the Shooter (Formicid Hunter)          Turns: 358, Time: 00:01:00

Health: 28/28      AC:  3    Str: 15    XL:     3   Next: 2%
Magic:  3/3        EV: 12    Int:  8    God:
Gold:   43         SH:  0    Dex: 19    Spells: 2/2 levels left

rFire   . . .        a - +0 shortbow
rCold   . . .        (no shield)
rNeg    . . .        c - +0 leather armour
rPois   .            (helmet unavailable)
rElec   .            (no cloak)
rCorr   .            (no gloves)
SInv    +            (no boots)
Will    .....        (no amulet)
Stlth   ++           (no ring)
HPRegen 0.24/turn    (no ring)
MPRegen 0.08/turn

%: no passive effects
@: no status effects
A: permanent stasis, dig shafts and tunnels, antennae 3, four strong arms
a: Dig, Shaft Self


You escaped.
You visited 1 branch of the dungeon, and saw 1 of its levels.

You collected 43 gold pieces.

Inventory:

Hand Weapons
 a - a +0 shortbow (weapon)
Armour
 c - a +0 leather armour (worn)
Jewellery
 g - a ring of positive energy
Scrolls
 b - a scroll of immolation
 d - a scroll of magic mapping {unknown}
 f - a scroll of enchant armour {unknown}
 h - a scroll of brand weapon {unknown}
 i - 2 scrolls of torment {unknown}
Potions
 e - a potion of heal wounds {unknown}
 j - a potion of lignification {unknown}


   Skills:
 + Level 2.6 Fighting
 + Level 4.2 Ranged Weapons
 + Level 2.1 Dodging
 + Level 2.0 Stealth


You had 2 spell levels left.
You didn't know any spells.
Your spell library was empty.

Dungeon Overview and Level Annotations

Branches:
Dungeon (1/15)

Altars:


Innate Abilities, Weirdness & Mutations

You cannot be hasted, slowed, berserked, paralysed or teleported.
You can dig through walls and to a lower floor.
You have a pair of large antennae on your head. (SInv)
Your four strong arms can wield two-handed weapons with a shield.


Message History

A bat is nearby!
You shoot an arrow. The arrow barely misses the bat.
The bat hits you but does no damage. x2; The bat closely misses you.
A bat is nearby!
You shoot an arrow. The arrow hits the bat.
You kill the bat!
A hobgoblin comes into view.
You shoot an arrow. The arrow hits the hobgoblin!
You kill the hobgoblin!
You see here a hobgoblin corpse.
You see here a hobgoblin corpse.
A kobold comes into view. It is wielding a +0 club.
You shoot an arrow. The arrow hits the kobold!
You kill the kobold!
Your Stealth skill increases to level 2!
You sense a monster nearby.
No target in view!
A rat comes into view.
You shoot an arrow. The arrow hits the rat.
You kill the rat!
You sense a monster nearby.
No target in view!
A giant cockroach comes into view.
You shoot an arrow. The arrow hits the giant cockroach.
You kill the giant cockroach!
You have reached level 3!
Your experience leads to an increase in your attributes!
Increase (S)trength, (I)ntelligence, or (D)exterity?
Welcome back, ChadusMaximus the Formicid Hunter.
Press ? for a list of commands and other information.
You have reached level 3!
Your experience leads to an increase in your attributes!
Increase (S)trength, (I)ntelligence, or (D)exterity?
You feel agile. x2
Things that are here:
a +0 club; a kobold corpse
There is a staircase leading out of the dungeon here.
You can't go down here!
Are you sure you want to leave the Dungeon?
This will make you lose the game!
You have escaped!

.......# #...#...#.#†.#
.......# ######
#.###.###.#..# .......##
#....#####...#.# #.#.##
........###.#####...##.#.#
#.#..
............###.....# .#.#
#.#.##
############........##
#.#...#... ..# #.........#
#.#.###..# ..#
#.....♣...###.#...#..# ..#
##...@.....##.###.#..# ..#
###.........##........#
..#
#.##........##.........
..#
#.##.....###...#..##...
###
#.##...#####...######.>
#...#####....#....###..
###.### ##.....#....###
#...####...#.#..#.###
###......#.#....#.##.


There were no monsters in sight!

Vanquished Creatures
  2 dart slugs (D:1)
  A bat (D:1)
  A giant cockroach (D:1)
  A goblin (D:1)
  2 hobgoblins (D:1)
  2 kobolds (D:1)
  A quokka (D:1)
  3 ball pythons (D:1)
  2 frilled lizards (D:1)
  A rat (D:1)
16 creatures vanquished.

Notes
Turn   | Place    | Note
-------+----------+-------------------------------------------
     0 | D:1      | ChadusMaximus the Formicid Hunter began the quest for the
                  | Orb.
     0 | D:1      | Reached XP level 1. HP: 16/16 MP: 1/1
   128 | D:1      | Found a faded altar of an unknown god.
   132 | D:1      | Reached XP level 2. HP: 23/23 MP: 2/2
   332 | D:1      | Reached XP level 3. HP: 28/28 MP: 3/3
   358 | D:$      | Got out of the dungeon alive.

Illustrated notes

Levels and vault maps discovered:
D:1:      spicycebolla_green_bress_n_ham, layout_basic,
          dreamdust_ecumenical_altar_grove

Skill      XL: |  1  2 |
---------------+-------+-----
Dodging        | 2 |  2.1
Stealth        | 2 |  2.0
Fighting       | |  2.6
Ranged Weapons | |  4.2

Action                     || total
---------------------------++-------
   Fire: Shortbow          ||    39
Ability: Dig               ||     1
 Armour: Leather armour    ||     4
  Dodge: Dodged            ||     6
